 Dungeon Crawl Stone Soup version 0.31.0-1-g2c135a008e (webtiles) character file.

Game seed: 5529908725172019114

3912 qw the Skirmisher (level 10, -7/75 HPs)
             Began as a Djinni Hunter on Jan 23, 2024.
             Was an Initiate of Okawaru.
             Mangled by a death yak (13 damage)
             ... on level 8 of the Dungeon.
             The game lasted 00:00:27 (6216 turns).

qw the Skirmisher (Djinni Hunter)                   Turns: 6216, Time: 00:00:27

Health: -7/75      AC: 11    Str:  6      XL:     10   Next: 43%
Gold:   172        EV: 15    Int: 13 (14) God:    Okawaru [......] SH:  0 Dex: 18 (21)

rFire   + + .        c - +1 longbow (elec)
rCold   . . .        (shield currently unavailable)
rNeg    + . .        a - +1 leather armour {rC+}
rPois   inf          k - +0 helmet
rElec   .            r - +2 ratskin cloak {*Rats rPois rN+ Str-1 Int-1 Dex+1}
rCorr   .            b - +1 pair of gloves
SInv    .            (boots unavailable)
Will    ++...        (no amulet)
Stlth   ++           (no ring)
HPRegen 0.32/turn    (no ring)
MPRegen 0.00/turn

%: infuse magic (-8 HP)
@: flying
A: sickness immunity, fire resistance 2, cold vulnerability 1, float, innate
caster, HP casting, extra vitality 1, clever 1, strong-willed 1, shaggy fur 1,
weak 1
a: Renounce Religion


You were on level 8 of the Dungeon.
You worshipped Okawaru.
Okawaru was noncommittal.
You visited 2 branches of the dungeon, and saw 9 of its levels.

You collected 370 gold pieces.
You spent 198 gold pieces at shops.


Innate Abilities, Weirdness & Mutations

You are immune to sickness and miasma.
You are immune to poison.
Your flesh is very heat resistant. (rF++)
You are vulnerable to cold. (rC-)
You float through the air rather than walking.
You learn spells naturally, not from books.
Your magical power is your life essence.
You have superior vitality. (+4 MHP)
Your mind is acute. (Int +4, Str/Dex -1)
You are strong-willed. (Will+)
You are covered in fur. (AC +1)
You are weak. (Str -2)


   Skills:
 - Level 7.0 Fighting
 - Level 10.0 Ranged Weapons
 - Level 2.1 Armour
 + Level 6.6 Dodging
 - Level 0.7 Stealth


You knew the following spells:

 Your Spells              Type           Power      Damage    Failure   Level
a - Magic Dart            Conj           0%         1d3       43%         1
b - Blink                 Tloc           0%         N/A       56%         2
c - Mephitic Cloud        Conj/Alch/Air  0%         N/A       80%         3
d - Frozen Ramparts       Ice            0%         1d1       80%         3
Your spell library was empty.

Inventory:

Hand Weapons
 c - a +1 longbow of electrocution (weapon)
Armour
 a - a +1 leather armour of cold resistance (worn)
 b - a +1 pair of gloves (worn)
 k - a +0 helmet (worn)
 m - +0 steam dragon scales
 o - +0 acid dragon scales
 r - the +2 ratskin cloak (worn) {*Rats rPois rN+ Str-1 Int-1 Dex+1}
   (You found it on level 6 of the Dungeon)

   *Rats:     When the wearer is hurt, rats may emerge from it to assist them.
   Str-1:     It affects your strength (-1).
   Int-1:     It affects your intelligence (-1).
   Dex+1:     It affects your dexterity (+1).
   rPois:     It protects you from poison rN+: It protects you from negative
   energy.
Wands
 d - a wand of polymorph (5)
 h - a wand of paralysis (7)
Scrolls
 n - 3 scrolls of teleportation
Potions
 e - 2 potions of might
 f - a potion of heal wounds
 g - a potion of haste {unknown}
 i - 5 potions of mutation
 j - a potion of cancellation {unknown}
 l - 3 potions of curing

Dungeon Overview and Level Annotations

Branches:
Dungeon (8/15)             Temple (1/1) D:7            Lair (0/5) D:8

Altars:
Ashenzari
Cheibriados
Dithmenos
Elyvilon
Fedhas
Gozag
Hepliaklqana
Makhleb
Nemelex Xobeh
Okawaru
Qazlal
Ru
Trog
Uskayaw
Wu Jian
Xom
Yredelemnul
Zin
The Shining One

Shops:
D:5 !   D:7 (

Annotations:
D:7 2 transporters, qw's ghost, novice GrHu


Message History

A black bear, a wyvern, a death yak and a basilisk come into view.
Found a scroll of fear.
Found an escape hatch in the floor.
Found a staircase to the Lair.
You shoot an arrow. The arrow hits the death yak.
Lightning courses through the death yak!
The death yak is moderately wounded.
You shoot an arrow. The arrow hits the death yak!
The death yak is moderately wounded.
The wyvern hisses angrily.
You shoot an arrow. The arrow hits the death yak.
The death yak is moderately wounded.
You shoot an arrow.
The arrow hits the death yak but does no damage.
The death yak is moderately wounded.
The death yak snorts and paws the ground.
The black bear bites you but does no damage.
The black bear claws you but does no damage.
The black bear misses you. The death yak gores you!!
You shoot an arrow.
The arrow hits the death yak but does no damage.
The death yak is moderately wounded.
The death yak gores you! The black bear closely misses you. x3
You shoot an arrow. The arrow barely misses the death yak.
The wyvern closely misses you. The death yak gores you!!
The black bear bites you.
The black bear claws you but does no damage.
The black bear misses you. The wyvern misses you.
You shoot an arrow. The arrow barely misses the death yak.
The death yak closely misses you. The black bear bites you.
The black bear barely misses you. x2; The wyvern misses you.
You shoot an arrow.
The arrow hits the death yak but does no damage.
Lightning courses through the death yak!!
The death yak is heavily wounded.
The wyvern barely misses you. The death yak gores you!
The black bear closely misses you.
The black bear claws you but does no damage.
The black bear completely misses you. The wyvern barely misses you.
The death yak gores you!
You die...

.............>.
................
................
....$...........
................
................
......l.........
......k@........
......hY<.......
##.....####.....
....... ...#
....... .#
....... ....>..
P...?..


You could see a death yak, a basilisk, a black bear and a wyvern.

Vanquished Creatures
  Pikel (D:4)
  Maggie (D:6)
  Grinder (D:3)
  2 wyverns
  Edmund (D:5)
  A steam dragon (D:7)
  A water moccasin (D:6)
  Duvessa (D:6)
  An ice beast (D:6)
  A centaur (D:6)
  An ogre (D:6)
  2 lemures (D:4)
  A phantom (D:5)
  4 kobold brigands
  A bullfrog (D:7)
  5 scorpions
  A wight (D:7)
  Dowan (D:6)
  6 killer bees (D:7)
  A bombardier beetle (D:5)
  5 hounds
  Ijyb (D:2)
  Natasha (thrice) (D:3)
  2 iguanas
  2 orc wizards (D:6)
  7 hell rats (D:6)
  A statue (D:3)
  Robin (D:4)
  3 gnolls (D:3)
  5 adders
  17 river rats (D:6)
  A white imp (D:6)
  2 ufetubi (D:6)
  2 dart slugs
  3 ribbon worms
  14 orcs
  10 endoplasms
  6 giant cockroaches
  14 goblins
  7 hobgoblins
  3 jackals (D:3)
  A quokka (D:1)
  2 ball pythons
  4 bats
  A frilled lizard (D:1)
  15 kobolds
  3 rats (D:2)
169 creatures vanquished.

Notes
Turn   | Place    | Note
-------+----------+-------------------------------------------
     0 | D:1      | qw the Djinni Hunter began the quest for the Orb.
     0 | D:1      | Reached XP level 1. HP: 18/18 MP: 0/0
     0 | D:1      | 0 ||| qw: Version: 0.3-a-135-gb77e89d
     0 | D:1      | 0 ||| qw: Game counter: 875
     0 | D:1      | 0 ||| qw: Melee chars always use a shield: true
     0 | D:1      | 0 ||| qw: God list: Okawaru
     0 | D:1      | 0 ||| qw: Allow faded altars: false
     0 | D:1      | 0 ||| qw: Do Orc after clearing Dungeon:15 true
     0 | D:1      | 0 ||| qw: Do second Lair branch before Depths: true
     0 | D:1      | 0 ||| qw: Lair rune preference: random
     0 | D:1      | 0 ||| qw: Goals: Normal
     0 | D:1      | 0 ||| PLANNING D:1-11
   103 | D:1      | Reached XP level 2. HP: 23/23 MP: 0/0
   282 | D:1      | Reached XP level 3. HP: 28/28 MP: 0/0
   282 | D:1      | Learned a level 1 spell: Magic Dart
   287 | D:1      | Reached skill level 4 in Ranged Weapons
   486 | D:1      | Found a faded altar of an unknown god.
   698 | D:1      | 698 ||| UPGRADING to +0 ring mail.
   708 | D:1      | 708 ||| DROPPING +0 leather armour.
   709 | D:1      | 709 ||| READING scroll labelled KILAUFA ARHURCH.
   710 | D:1      | 710 ||| READING scroll labelled PIUNAU RACS.
   711 | D:1      | 711 ||| READING scroll labelled YDUASIEKHLI.
   711 | D:1      | Identified a scroll of acquirement
   711 | D:1      | 711 ||| ACQUIRING +0 longbow of electrocution
   711 | D:1      | Acquired a +0 longbow of electrocution
   713 | D:1      | 713 ||| SWAPPING to +0 longbow of electrocution.
   714 | D:1      | 714 ||| DROPPING +0 shortbow.
   715 | D:1      | 715 ||| READING 2 scrolls labelled TIOPNE ITRU.
   715 | D:1      | 715 ||| IDENTIFYING lumpy clear potion
   716 | D:1      | 716 ||| READING scroll of identify.
   716 | D:1      | 716 ||| IDENTIFYING murky inky potion
   717 | D:1      | 717 ||| DRINKING potion of mutation.
   717 | D:1      | Gained mutation: Your mind is acute. (Int +4, Str/Dex -1)
                  | [potion of mutation]
   717 | D:1      | Gained mutation: You are weak. (Str -2) [potion of
                  | mutation]
   717 | D:1      | Gained mutation: You are strong-willed. (Will+) [potion of
                  | mutation]
   717 | D:1      | Gained mutation: You are covered in fur. (AC +1) [potion of
                  | mutation]
   718 | D:1      | 718 ||| DROPPING scroll of butterflies.
   719 | D:1      | 719 ||| DROPPING potion of brilliance.
   965 | D:2      | Reached skill level 1 in Armour
  1046 | D:2      | Reached XP level 4. HP: 34/34 MP: 0/0
  1222 | D:2      | Reached skill level 3 in Fighting
  1495 | D:2      | 1495 ||| UPGRADING to +0 pair of gloves.
  1500 | D:2      | 1500 ||| READING scroll labelled QEPOAPR VITANG.
  1501 | D:2      | 1501 ||| READING scroll labelled QIDDIU QEGANI.
  1602 | D:2      | 1602 ||| READING scroll labelled ECEITA ISSU.
  1650 | D:3      | 1650 ||| STAIRDANCE
  1660 | D:3      | Noticed Ijyb
  1661 | D:3      | 1661 ||| STAIRDANCE
  1723 | D:3      | 1723 ||| STAIRDANCE
  1747 | D:3      | 1747 ||| STAIRDANCE
  1749 | D:2      | 1749 ||| FLEEEEING.
  1750 | D:2      | 1750 ||| FLEEEEING.
  1751 | D:2      | 1751 ||| FLEEEEING.
  1752 | D:2      | 1752 ||| FLEEEEING.
  1753 | D:2      | 1753 ||| FLEEEEING.
  1754 | D:2      | 1754 ||| FLEEEEING.
  1755 | D:2      | 1755 ||| FLEEEEING.
  1756 | D:2      | 1756 ||| FLEEEEING.
  1757 | D:2      | 1757 ||| FLEEEEING.
  1758 | D:2      | 1758 ||| FLEEEEING.
  1759 | D:2      | 1759 ||| FLEEEEING.
  1760 | D:2      | 1760 ||| FLEEEEING.
  1761 | D:2      | 1761 ||| FLEEEEING.
  1762 | D:2      | 1762 ||| FLEEEEING.
  1763 | D:2      | 1763 ||| FLEEEEING.
  1764 | D:2      | 1764 ||| FLEEEEING.
  1765 | D:2      | 1765 ||| FLEEEEING.
  1766 | D:2      | 1766 ||| FLEEEEING.
  1767 | D:2      | 1767 ||| FLEEEEING.
  1768 | D:2      | 1768 ||| FLEEEEING.
  1769 | D:2      | 1769 ||| FLEEEEING.
  1772 | D:2      | Killed Ijyb
  1773 | D:2      | Reached XP level 5. HP: 40/40 MP: 0/0
  1773 | D:2      | Learned a level 2 spell: Blink
  1777 | D:2      | 1777 ||| UPGRADING to +1 leather armour of cold resistance.
  1787 | D:2      | 1787 ||| DROPPING +0 ring mail.
  1916 | D:3      | Noticed Natasha
  1921 | D:3      | Killed Natasha
  1922 | D:3      | Reached skill level 3 in Dodging
  2117 | D:3      | Noticed Natasha
  2121 | D:3      | Killed Natasha
  2122 | D:3      | Reached XP level 6. HP: 45/46 MP: 0/0
  2259 | D:3      | Reached skill level 5 in Ranged Weapons
  2288 | D:3      | Noticed Grinder
  2291 | D:3      | Paralysed by Grinder for 3 turns
  2297 | D:3      | Killed Grinder
  2298 | D:3      | Reached XP level 7. HP: 38/53 MP: 0/0
  2298 | D:3      | Learned a level 3 spell: Mephitic Cloud
  2383 | D:3      | Noticed Natasha
  2391 | D:3      | Killed Natasha
  2437 | D:3      | 2437 ||| READING scroll of identify.
  2437 | D:3      | 2437 ||| IDENTIFYING silvery potion
  2438 | D:3      | 2438 ||| READING scroll labelled GEZOWKECIC.
  2439 | D:3      | 2439 ||| DROPPING potion of invisibility.
  2498 | D:4      | Found a stormy altar of Qazlal.
  2553 | D:4      | Noticed a wyvern
  2561 | D:4      | Killed a wyvern
  2856 | D:4      | Noticed Robin
  2862 | D:4      | Killed Robin
  2918 | D:4      | Noticed Pikel
  2918 | D:4      | 2918 ||| RETREEEEATING.
  2920 | D:4      | 2920 ||| RETREEEEATING.
  2921 | D:4      | 2921 ||| RETREEEEATING.
  2922 | D:4      | 2922 ||| RETREEEEATING.
  2932 | D:4      | Killed Pikel
  2933 | D:4      | Reached skill level 7 in Ranged Weapons
  2933 | D:4      | Reached XP level 8. HP: 36/58 MP: 0/0
  3316 | D:4      | 3316 ||| UPGRADING to +0 helmet.
  3321 | D:4      | 3321 ||| READING scroll labelled COPSOTTEI.
  3321 | D:4      | 3321 ||| ENCHANTING +0 pair of gloves.
  3322 | D:4      | 3322 ||| READING scroll labelled KOAVVA ZUMUM.
  3349 | D:5      | Entered Level 5 of the Dungeon
  3530 | D:5      | Found a burning altar of Makhleb.
  3570 | D:5      | Noticed Edmund
  3575 | D:5      | Killed Edmund
  3631 | D:5      | Found Olifaabo's Distillery.
  3640 | D:5      | 3640 ||| BUYING potion of curing (33 gold).
  3640 | D:5      | Bought a potion of curing for 33 gold pieces
  3640 | D:5      | 3640 ||| BUYING potion of curing (33 gold).
  3640 | D:5      | Bought a potion of curing for 33 gold pieces
  3640 | D:5      | 3640 ||| BUYING potion of might (44 gold).
  3640 | D:5      | Bought a potion of might for 44 gold pieces
  3640 | D:5      | 3640 ||| BUYING potion of mutation (88 gold).
  3640 | D:5      | Bought a potion of mutation for 88 gold pieces
  3915 | D:5      | Noticed a wyvern
  3917 | D:5      | Killed a wyvern
  3918 | D:5      | Reached XP level 9. HP: 65/65 MP: 0/0
  3918 | D:5      | Learned a level 3 spell: Frozen Ramparts
  4077 | D:6      | Identified the +6 sling of Ragnarok {antimagic, Will+}
  4116 | D:6      | Noticed Maggie
  4117 | D:6      | 4117 ||| ZAPPING wand of paralysis (9) at 0,2 (Maggie;
                  | floor).
  4118 | D:6      | 4118 ||| ZAPPING wand of paralysis (8) at 0,1 (Maggie;
                  | floor).
  4119 | D:6      | 4119 ||| ZAPPING wand of paralysis (7) at 0,1 (Maggie;
                  | floor).
  4120 | D:6      | 4120 ||| ZAPPING wand of paralysis (6) at 0,1 (Maggie;
                  | floor).
  4127 | D:6      | Killed Maggie
  4128 | D:6      | Reached skill level 8 in Ranged Weapons
  4256 | D:6      | Reached skill level 6 in Fighting
  4426 | D:6      | Reached skill level 6 in Dodging
  4457 | D:6      | Noticed Dowan
  4460 | D:6      | Killed Dowan
  4483 | D:6      | Noticed Duvessa
  4485 | D:6      | 4485 ||| ZAPPING wand of paralysis (5) at 0,5 (Duvessa;
                  | floor).
  4486 | D:6      | 4486 ||| ZAPPING wand of paralysis (4) at 0,3 (Duvessa;
                  | floor).
  4487 | D:6      | 4487 ||| ZAPPING wand of paralysis (3) at 0,2 (Duvessa;
                  | floor).
  4491 | D:6      | Killed Duvessa
  4537 | D:6      | Reached skill level 9 in Ranged Weapons
  4569 | D:6      | Reached XP level 10. HP: 73/73 MP: 0/0
  4824 | D:6      | 4824 ||| RETREEEEATING.
  4898 | D:6      | Found the +2 ratskin cloak {*Rats rPois rN+ Str-1 Int-1
                  | Dex+1}
  5118 | D:6      | 5118 ||| UPGRADING to +2 ratskin cloak {*Rats rPois rN+
                  | Str-1 Int-1 Dex+1}.
  5123 | D:6      | 5123 ||| READING scroll of identify.
  5123 | D:6      | 5123 ||| IDENTIFYING fizzy green potion
  5124 | D:6      | 5124 ||| READING 2 scrolls labelled PEW HODISCHYPE.
  5125 | D:6      | 5125 ||| DRINKING 2 bubbling coppery potions.
  5126 | D:6      | 5126 ||| DROPPING potion of degeneration.
  5127 | D:6      | 5127 ||| DROPPING scroll of blinking.
  5347 | D:7      | Found a transporter.
  5355 | D:7      | Noticed qw's ghost (novice GrHu)
  5363 | D:7      | 5363 ||| RETREEEEATING.
  5364 | D:7      | 5364 ||| RETREEEEATING.
  5365 | D:7      | 5365 ||| RETREEEEATING.
  5539 | D:7      | Noticed a cyan ugly thing
  5626 | D:7      | Found a staircase to the Ecumenical Temple.
  5627 | D:7      | 5627 ||| PLANNING TEMPLE
  5627 | D:7      | 5627 ||| READING scroll labelled MYS DOIRGHOU.
  5627 | D:7      | 5627 ||| ENCHANTING +0 longbow of electrocution.
  5632 | Temple   | Entered the Ecumenical Temple
  5633 | Temple   | 5633 ||| PLANNING OKAWARU WORSHIP
  5655 | Temple   | Became a worshipper of Warmaster Okawaru
  5656 | Temple   | 5656 ||| PLANNING D:1-11
  5707 | D:7      | Found Xufibyc's Antique Weapon Boutique.
  5973 | D:7      | Found a transporter.
  6036 | D:7      | Reached skill level 10 in Ranged Weapons
  6208 | D:8      | Found a staircase to the Lair.
  6208 | D:8      | Noticed a death yak
  6216 | D:8      | HP: 6/75 [death yak (13)]
  6216 | D:8      | Mangled by a death yak

Levels and vault maps discovered:
D:1:      roderic_octagonal_star, layout_loops_ring,
          dreamdust_ecumenical_altar_hidden_monk_grotto
D:2:      layout_loops_corners, basic_altar
D:3:      layout_basic, vehumet_statue, uniq_natasha, uniq_ijyb, uniq_grinder
D:4:      layout_loops_ring, grunt_qazlal_clouds, hangedman_decor_points,
          uniq_robin, uniq_pikel
D:5:      layout_basic, lemuel_round_altar, serial_shops,
          nicolae_shop_statue_plus, uniq_edmund
D:6:      wander_guarded_unrand_ratskin, layout_basic,
          minmay_unpleasant_kobolds, uniq_duvessa, uniq_maggie
D:7:      layout_basic, temple_statues, nzn_ghost_randoct, serial_shops,
          nicolae_shop_real_fake_doors, kennysheep_generic_room_15
D:8:      layout_cave_pods, david_lair_generic, minmay_quadrilaterals,
          uniq_prince_ribbit1
Temple:   nicolae_temple_bog_church

Skill      XL: |  1  2  3  4  5  6  7  8  9 10 |
---------------+-------------------------------+-----
Ranged Weapons | 4 5 7 9 10 | 10.0
Armour         | 1 2 |  2.1
Fighting       | 3 4 5 6 7 |  7.0
Dodging        | 3 5 6 |  6.6
Stealth        | |  0.7

Action                     |  1- 3 |  4- 6 |  7- 9 | 10-12 || total
---------------------------+-------+-------+-------+-------++-------
   Fire: Shortbow          |    46 |       |       |       ||    46
         Longbow           |    10 |    82 |   165 |   119 ||   376
  Evoke: Wand              |       |       |     7 |       ||     7
    Use: Scroll            |     5 |     3 |     4 |     3 ||    15
         Potion            |     1 |       |       |     1 ||     2
 Armour: Leather armour    |     3 |    15 |    38 |    65 ||   121
         Ring mail         |       |    21 |       |       ||    21
         Skin              |       |     2 |       |       ||     2
  Dodge: Dodged            |     4 |    32 |    45 |    88 ||   169

Table legend:
 A = Non-vault XP
 B = Vault XP
 C = Vault XP percentage of total XP
 D = Non-vault monster count
 E = Vault monster count
 F = Vault count percentage of total count
                 A         B        C        D         E       F
            +---------+---------+-------+---------+---------+-------
      Total |    3031 |    2558 |  45.8 |     116 |      51 |  30.5
            +---------+---------+-------+---------+---------+-------
        D:1 |      40 |       0 |   0.0 |      21 |       0 |   0.0
        D:2 |      78 |      38 |  32.8 |      15 |       1 |   6.2
        D:3 |     135 |     345 |  71.9 |      15 |       3 |  16.7
        D:4 |     235 |     651 |  73.5 |      13 |      12 |  48.0
        D:5 |     490 |     171 |  25.9 |      13 |       1 |   7.1
        D:6 |     973 |    1279 |  56.8 |      20 |      33 |  62.3
        D:7 |    1080 |      74 |   6.4 |      19 |       1 |   5.0
            +---------+---------+-------+---------+---------+-------
